[Event "26th Abu Dhabi Master 2019"]
[Site "Abu Dhabi"]
[Date "2019.08.07"]
[Round "6.10"]
[White "Kuybokarov, Temur"]
[Black "Bartel, Mateusz"]
[Result "0-1"]
[ECO "D52"]
[WhiteElo "2511"]
[BlackElo "2600"]
[Annotator "ChessBase"]
[PlyCount "88"]
[EventDate "2019.08.02"]
[EventType "swiss"]
[EventCountry "UAE"]
[SourceTitle "playchess.com"]
[Source "ChessBase"]
[SourceQuality "1"]
[TimeControl "5400+30"]

1. d4 d5 2. c4 c6 3. Nc3 Nf6 4. Nf3 e6 5. Bg5 Nbd7 6. e3 h6 7. Bh4 g5 8. Bg3 Nh5 9. Qc2 Nxg3 10. hxg3 Bg7 11. O-O-O Qe7 12. Kb1 dxc4 13. Bxc4 Nb6 14. Bb3 Bd7 15. Ne4 O-O-O 16. Qc5 Qf8 17. Qa5 Kb8 18. Ne5 Be8 19. f4 Qe7 20. Qc5 Qc7 21. Qc1 Nd5 22. Nc5 Qe7 23. e4 Nc7 24. Bc4 f6 25. Nf3 Bg6 26. Rhe1 e5 27. f5 Bh5 28. Qe3 exd4 29. Rxd4 Rxd4 30. Qxd4 Rd8 31. Qe3 Bf8 32. Nb3 Qb4 33. Rc1 Bd6 34. a3 Qb6 35. Qc3 Bxf3 36. Qxf3 Be5 37. Rd1 Ne8 38. Rxd8+ Qxd8 39. Be6 Qb6 40. Qd3 Nd6 41. Qc2 Qe3 42. Nd2 Qg1+ 43. Ka2 Qxg2 44. g4 Bf4 0-1

[Event "26th Abu Dhabi Master 2019"]
[Site "Abu Dhabi"]
[Date "2019.08.07"]
[Round "6.11"]
[White "Assaubayeva, Bibisara"]
[Black "Aravindh, Chithambaram VR."]
[Result "0-1"]
[ECO "A33"]
[WhiteElo "2375"]
[BlackElo "2600"]
[Annotator "ChessBase"]
[PlyCount "92"]
[EventDate "2019.08.02"]
[EventType "swiss"]
[EventCountry "UAE"]
[SourceTitle "playchess.com"]
[Source "ChessBase"]
[SourceQuality "1"]
[TimeControl "5400+30"]

1. d4 e6 2. c4 Nf6 3. Nf3 c5 4. Nc3 cxd4 5. Nxd4 Nc6 6. g3 Qb6 7. Ndb5 Ne5 8. Bg2 a6 9. Na4 Qa5+ 10. Nbc3 Nxc4 11. O-O Bb4 12. a3 Bxc3 13. Nxc3 O-O 14. e4 d6 15. Qe2 Ne5 16. f4 Nc6 17. Be3 e5 18. b4 Qd8 19. f5 Nd4 20. Qd3 Bd7 21. Bxd4 exd4 22. Qxd4 Rc8 23. Rad1 Re8 24. Nd5 Nxd5 25. Qxd5 Rc6 26. Qd4 Re5 27. Rd2 Kf8 28. Rfd1 Ke7 29. Qf2 Qb6 30. Rd4 f6 31. a4 Qc7 32. a5 Rc1 33. Qd2 Rxd1+ 34. Qxd1 b6 35. axb6 Qxb6 36. Kh1 Rb5 37. Bf1 Rxb4 38. Rxb4 Qxb4 39. Qg4 g5 40. Bxa6 Bc6 41. Bd3 d5 42. Qe2 dxe4 43. Bc2 Qc5 44. Kg2 e3+ 45. Kh3 h5 46. Bd3 Qd4 0-1

[Event "26th Abu Dhabi Master 2019"]
[Site "Abu Dhabi"]
[Date "2019.08.07"]
[Round "6.12"]
[White "Zubov, Alexander"]
[Black "Idani, Pouya"]
[Result "1-0"]
[ECO "B53"]
[WhiteElo "2601"]
[BlackElo "2595"]
[Annotator "ChessBase"]
[PlyCount "99"]
[EventDate "2019.08.02"]
[EventType "swiss"]
[EventCountry "UAE"]
[SourceTitle "playchess.com"]
[Source "ChessBase"]
[SourceQuality "1"]
[TimeControl "5400+30"]

1. e4 c5 2. Nf3 d6 3. d4 cxd4 4. Qxd4 Nf6 5. h3 Nc6 6. Qe3 g6 7. Nc3 Bg7 8. Bc4 O-O 9. O-O Na5 10. Be2 Qc7 11. Rd1 Nc4 12. Qd3 Be6 13. b3 Na5 14. Bd2 a6 15. Rac1 Nc6 16. Nd5 Qd8 17. c4 Nd7 18. Bg5 h6 19. Be3 Qa5 20. Qb1 Rfc8 21. Rd2 Qd8 22. b4 a5 23. b5 Bxd5 24. Rxd5 Ncb8 25. c5 dxc5 26. Rcxc5 Rxc5 27. Bxc5 Qe8 28. Be3 Nf8 29. Bf4 Ne6 30. Qd1 Nc6 31. Be3 Ncd8 32. Bb6 Nf4 33. Rd2 Nxe2+ 34. Rxe2 Ne6 35. a4 Bc3 36. Qc1 Bb4 37. Qxh6 Qd7 38. Qc1 Qd6 39. Be3 Rd8 40. Rc2 Ba3 41. Qd2 Qb4 42. Qxb4 axb4 43. Nd2 Rd3 44. Kf1 Nd4 45. Bxd4 Rxd4 46. Ke2 b3 47. Rc4 Rxc4 48. Nxc4 Bc5 49. f3 Kf8 50. Kd3 1-0

[Event "26th Abu Dhabi Master 2019"]
[Site "Abu Dhabi"]
[Date "2019.08.07"]
[Round "6.13"]
[White "Antipov, Mikhail Al."]
[Black "Praggnanandhaa R"]
[Result "1-0"]
[ECO "B31"]
[WhiteElo "2582"]
[BlackElo "2540"]
[Annotator "ChessBase"]
[PlyCount "95"]
[EventDate "2019.08.02"]
[EventType "swiss"]
[EventCountry "UAE"]
[SourceTitle "playchess.com"]
[Source "ChessBase"]
[SourceQuality "1"]
[TimeControl "5400+30"]

1. e4 c5 2. Nf3 Nc6 3. Bb5 g6 4. Bxc6 bxc6 5. O-O Bg7 6. Re1 Nh6 7. c3 O-O 8. h3 f5 9. e5 Nf7 10. d4 cxd4 11. cxd4 Bb7 12. Na3 c5 13. dxc5 Rc8 14. Be3 Bxf3 15. Qxf3 Nxe5 16. Qd1 d5 17. cxd6 Qxd6 18. Qb3+ Kh8 19. Bxa7 Qa6 20. Bd4 Nf3+ 21. Qxf3 Bxd4 22. Qe2 Qxe2 23. Rxe2 Rb8 24. Rb1 Rfc8 25. Rc2 e5 26. b4 f4 27. b5 Rxc2 28. Nxc2 Bb6 29. Kf1 e4 30. Ke2 Rd8 31. Rb4 Rc8 32. Ne1 Re8 33. Rc4 f3+ 34. gxf3 exf3+ 35. Kf1 Re2 36. Rc2 Re4 37. a3 Ra4 38. Rc3 Ra5 39. Rb3 Kg7 40. Nxf3 Kf6 41. Nd2 Ra4 42. Rc3 Ke7 43. Rc6 Bd8 44. Nc4 Kd7 45. Ke2 Ra8 46. Ne5+ Ke7 47. Ra6 Rc8 48. Nc6+ 1-0

[Event "26th Abu Dhabi Master 2019"]
[Site "Abu Dhabi"]
[Date "2019.08.07"]
[Round "6.14"]
[White "Petrov, Nikita"]
[Black "Istratescu, Andrei"]
[Result "1/2-1/2"]
[ECO "A35"]
[WhiteElo "2600"]
[BlackElo "2555"]
[Annotator "ChessBase"]
[PlyCount "76"]
[EventDate "2019.08.02"]
[EventType "swiss"]
[EventCountry "UAE"]
[SourceTitle "playchess.com"]
[Source "ChessBase"]
[SourceQuality "1"]
[TimeControl "5400+30"]

1. c4 c5 2. Nc3 Nc6 3. Nf3 e5 4. e3 f5 5. d4 e4 6. d5 exf3 7. dxc6 dxc6 8. Qxd8+ Kxd8 9. gxf3 Nf6 10. b3 g6 11. Bb2 Bg7 12. O-O-O+ Ke7 13. h4 Be6 14. Be2 Rad8 15. Rdg1 Bf7 16. f4 h5 17. Na4 b6 18. Be5 Rhg8 19. f3 Nd7 20. Bxg7 Rxg7 21. Rd1 Rgg8 22. Rhe1 Nf6 23. Nb2 Rxd1+ 24. Rxd1 Rd8 25. Nd3 Nd7 26. Ne5 Nxe5 27. fxe5 Rxd1+ 28. Kxd1 Ke6 29. f4 Kd7 30. Kd2 Be6 31. Bd3 Kc7 32. Kc3 a5 33. e4 fxe4 34. Bxe4 Bf5 35. Kd3 Kd7 36. Ke3 Kc7 37. Bxf5 gxf5 38. Kd3 Kd7 1/2-1/2

[Event "26th Abu Dhabi Master 2019"]
[Site "Abu Dhabi"]
[Date "2019.08.07"]
[Round "6.15"]
[White "Rathanvel, V S"]
[Black "Abdusattorov, Nodirbek"]
[Result "1/2-1/2"]
[ECO "B90"]
[WhiteElo "2367"]
[BlackElo "2598"]
[Annotator "ChessBase"]
[PlyCount "94"]
[EventDate "2019.08.02"]
[EventType "swiss"]
[EventCountry "UAE"]
[SourceTitle "playchess.com"]
[Source "ChessBase"]
[SourceQuality "1"]
[TimeControl "5400+30"]

1. e4 c5 2. Nf3 d6 3. d4 cxd4 4. Nxd4 Nf6 5. Nc3 a6 6. h3 e6 7. g4 Nfd7 8. Bg2 Nc6 9. Be3 Be7 10. Nce2 Nde5 11. O-O O-O 12. b3 Nxd4 13. Nxd4 Ng6 14. Qd2 Qc7 15. c4 b6 16. a4 Bb7 17. a5 bxa5 18. Qxa5 Qd7 19. Qa4 Qc8 20. Rac1 Nh4 21. Bh1 e5 22. Nf5 Nxf5 23. gxf5 Bc6 24. Qa5 Qb7 25. c5 dxc5 26. Bxc5 Rfc8 27. Bxe7 Qxe7 28. Qd2 g6 29. Rc3 Bb5 30. Rfc1 Rxc3 31. Rxc3 Rd8 32. Qh6 Qd6 33. Bg2 Qd1+ 34. Kh2 Qd2 35. Qh4 Rd6 36. Rg3 Qf4 37. Qxf4 exf4 38. Rg4 Be2 39. Rxf4 f6 40. fxg6 hxg6 41. e5 fxe5 42. Re4 Bd1 43. b4 Rd2 44. Kg3 Rd3+ 45. Kh2 Rd2 46. Kg3 Rd3+ 47. Re3 Rd4 1/2-1/2

[Event "26th Abu Dhabi Master 2019"]
[Site "Abu Dhabi"]
[Date "2019.08.07"]
[Round "6.16"]
[White "Can, Emre"]
[Black "Sindarov, Javokhir"]
[Result "1-0"]
[ECO "D85"]
[WhiteElo "2595"]
[BlackElo "2479"]
[Annotator "ChessBase"]
[PlyCount "123"]
[EventDate "2019.08.02"]
[EventType "swiss"]
[EventCountry "UAE"]
[SourceTitle "playchess.com"]
[Source "ChessBase"]
[SourceQuality "1"]
[TimeControl "5400+30"]

1. d4 Nf6 2. c4 g6 3. Nc3 d5 4. cxd5 Nxd5 5. e4 Nxc3 6. bxc3 Bg7 7. Qa4+ Qd7 8. Bb5 c6 9. Be2 O-O 10. Qa3 b6 11. Nf3 c5 12. O-O Bb7 13. d5 e6 14. Be3 exd5 15. Rad1 Nc6 16. exd5 Ne7 17. c4 Nf5 18. Bc1 Rfe8 19. Rfe1 Nd6 20. Bf1 a6 21. Bb2 Bxb2 22. Qxb2 b5 23. Ne5 Qf5 24. cxb5 axb5 25. h3 Rxa2 26. Qxa2 Rxe5 27. Qa5 Rxe1 28. Qxe1 Qf6 29. Bxb5 c4 30. Bc6 Bc8 31. Rc1 Bf5 32. Qe3 Bd3 33. Re1 Kg7 34. g4 h6 35. f3 Qb2 36. Qe5+ Qxe5 37. Rxe5 Kf6 38. Re3 Kg5 39. Kf2 Kf4 40. Ba4 h5 41. Bd1 h4 42. Be2 Bb1 43. Re7 Ba2 44. Rd7 Ke5 45. f4+ Kxd5 46. Ke3 Bb3 47. Bf3+ Ke6 48. Rc7 Bc2 49. Rc5 Kd7 50. Kd4 Bd3 51. Re5 f5 52. Kc5 Be4 53. Bxe4 Nxe4+ 54. Rxe4 fxe4 55. Kxc4 e3 56. Kd3 e2 57. Kxe2 Ke6 58. Ke3 Kd5 59. Kd3 Kd6 60. Kd4 Ke6 61. Kc5 g5 62. f5+ {Kd5+} 1-0

[Event "26th Abu Dhabi Master 2019"]
[Site "Abu Dhabi"]
[Date "2019.08.07"]
[Round "6.17"]
[White "Vaibhav, Suri"]
[Black "Xu, Yi"]
[Result "1-0"]
[ECO "C42"]
[WhiteElo "2591"]
[BlackElo "2524"]
[Annotator "ChessBase"]
[PlyCount "69"]
[EventDate "2019.08.02"]
[EventType "swiss"]
[EventCountry "UAE"]
[SourceTitle "playchess.com"]
[Source "ChessBase"]
[SourceQuality "1"]
[TimeControl "5400+30"]

1. e4 e5 2. Nf3 Nf6 3. Nxe5 d6 4. Nf3 Nxe4 5. Nc3 Nxc3 6. dxc3 Be7 7. Be3 O-O 8. Qd2 Nd7 9. O-O-O Nf6 10. Bd3 c5 11. h4 Be6 12. h5 Qa5 13. a3 c4 14. Be2 Ne4 15. Qd4 d5 16. h6 Bf6 17. hxg7 Bxd4 18. gxf8=Q+ Rxf8 19. Nxd4 Nxc3 20. bxc3 Qxc3 21. Rh5 Qxa3+ 22. Kd2 Qb4+ 23. c3 Qb2+ 24. Ke1 Re8 25. Kf1 a5 26. Bc1 Qxc3 27. Rg5+ Kh8 28. Rg3 Qb4 29. Bg5 h5 30. Bf6+ Kh7 31. Rg7+ Kh6 32. g4 hxg4 33. Kg2 Qa3 34. Bxg4 Bxg4 35. Rxg4 1-0

[Event "26th Abu Dhabi Master 2019"]
[Site "Abu Dhabi"]
[Date "2019.08.07"]
[Round "6.21"]
[White "Bai, Jinshi"]
[Black "Laxman, R.R."]
[Result "1-0"]
[ECO "A05"]
[WhiteElo "2606"]
[BlackElo "2429"]
[Annotator "ChessBase"]
[PlyCount "77"]
[EventDate "2019.08.02"]
[EventType "swiss"]
[EventCountry "UAE"]
[SourceTitle "playchess.com"]
[Source "ChessBase"]
[SourceQuality "1"]
[TimeControl "5400+30"]

1. Nf3 Nf6 2. g3 d5 3. Bg2 e6 4. O-O Be7 5. c4 dxc4 6. Na3 c5 7. Nxc4 Nc6 8. b3 O-O 9. Bb2 Nd5 10. d4 b5 11. Nce5 Nxe5 12. Nxe5 Bb7 13. dxc5 Bxc5 14. Rc1 Rc8 15. Bxd5 Bxd5 16. e4 Bxe4 17. Nd7 Qg5 18. Nxf8 Rxf8 19. Qe2 Ba8 20. Qe5 Qxe5 21. Bxe5 Bb6 22. Rfd1 Bd5 23. Bc7 h5 24. Bxb6 axb6 25. f4 Ra8 26. Rd2 g6 27. Rc7 Kg7 28. Kf2 Kf6 29. Ke3 b4 30. Rcc2 Ra5 31. Rd4 Rb5 32. h3 e5 33. fxe5+ Kxe5 34. h4 f6 35. Rc8 g5 36. Rh8 Bf7 37. Rh7 Bg6 38. Re7+ Kf5 39. Kf3 1-0

[Event "26th Abu Dhabi Master 2019"]
[Site "Abu Dhabi"]
[Date "2019.08.07"]
[Round "6.22"]
[White "Sammed Jaykumar, Shete"]
[Black "Santos Latasa, Jaime"]
[Result "0-1"]
[ECO "B10"]
[WhiteElo "2416"]
[BlackElo "2594"]
[Annotator "ChessBase"]
[PlyCount "68"]
[EventDate "2019.08.02"]
[EventType "swiss"]
[EventCountry "UAE"]
[SourceTitle "playchess.com"]
[Source "ChessBase"]
[SourceQuality "1"]
[TimeControl "5400+30"]

1. e4 c6 2. Nf3 d5 3. exd5 cxd5 4. Ne5 Qb6 5. d4 Nc6 6. Nxc6 bxc6 7. Be2 Ba6 8. c3 e6 9. O-O Bxe2 10. Qxe2 Bd6 11. f4 Ne7 12. Nd2 O-O 13. Nf3 c5 14. dxc5 Bxc5+ 15. Kh1 a5 16. Ne5 Qb7 17. Nd3 Bd6 18. Bd2 a4 19. Rf3 Rac8 20. Rh3 Nf5 21. Qh5 h6 22. Qf3 Be7 23. g4 Nh4 24. Qf2 d4+ 25. Kg1 a3 26. c4 axb2 27. Rb1 Qe4 28. Rxb2 Rb8 29. Rb3 Rxb3 30. axb3 Ra8 31. Ne1 Ra2 32. Rd3 Ra1 33. Qf1 Ng2 34. Qxg2 Qxd3 0-1

[Event "26th Abu Dhabi Master 2019"]
[Site "Abu Dhabi"]
[Date "2019.08.07"]
[Round "6.23"]
[White "Soumya, Swaminathan"]
[Black "Paichadze, Luka"]
[Result "0-1"]
[ECO "C41"]
[WhiteElo "2402"]
[BlackElo "2567"]
[Annotator "ChessBase"]
[PlyCount "111"]
[EventDate "2019.08.02"]
[EventType "swiss"]
[EventCountry "UAE"]
[SourceTitle "playchess.com"]
[Source "ChessBase"]
[SourceQuality "1"]
[TimeControl "5400+30"]

1. e4 d6 2. d4 Nf6 3. Nc3 e5 4. Nf3 Nbd7 5. Bc4 Be7 6. O-O O-O 7. a4 a5 8. Re1 b6 9. b3 Bb7 10. Ba3 h6 11. Qd2 Re8 12. Bb5 c6 13. Bf1 Qc7 14. Nh4 Bf8 15. Nf5 exd4 16. Qxd4 c5 17. Qd3 g6 18. Ne3 Ne5 19. Qd1 Nxe4 20. Ned5 Nxc3 21. Nxc7 Nxd1 22. Raxd1 g5 23. Bb5 Re7 24. Nxa8 Bxa8 25. Bb2 Bg7 26. c4 f5 27. Kf1 Be4 28. f3 Nd3 29. Bxg7 Nxe1 30. fxe4 Nc2 31. Rd2 Ne3+ 32. Ke2 Rxe4 33. Bc6 d5 34. Ba1 Nxc4+ 35. Kd1 Nxd2 36. Bxd5+ Kh7 37. Kxd2 Re7 38. Bc4 Kg6 39. Bc3 h5 40. Be2 Rd7+ 41. Ke3 f4+ 42. Kf3 Kf5 43. h3 g4+ 44. hxg4+ hxg4+ 45. Kf2 Kg5 46. Bc4 Rd1 47. Ke2 Rg1 48. Bd5 Kf5 49. Bb7 Rb1 50. Bc8+ Kg5 51. Be6 f3+ 52. Kf2 Kf4 53. gxf3 gxf3 54. Bg7 Rh1 55. Bc4 Rh2+ 56. Ke1 {[%emt 0:00:23] Ke5} 0-1

[Event "26th Abu Dhabi Master 2019"]
[Site "Abu Dhabi"]
[Date "2019.08.07"]
[Round "6.24"]
[White "Vaishali R"]
[Black "Santos Ruiz, Miguel"]
[Result "1/2-1/2"]
[ECO "B92"]
[WhiteElo "2344"]
[BlackElo "2567"]
[Annotator "ChessBase"]
[PlyCount "75"]
[EventDate "2019.08.02"]
[EventType "swiss"]
[EventCountry "UAE"]
[SourceTitle "playchess.com"]
[Source "ChessBase"]
[SourceQuality "1"]
[TimeControl "5400+30"]

1. e4 c5 2. Nf3 d6 3. d4 cxd4 4. Nxd4 Nf6 5. Nc3 a6 6. Be2 e5 7. Nb3 Be7 8. Be3 Be6 9. f4 exf4 10. Bxf4 Nc6 11. Qd2 d5 12. exd5 Nxd5 13. Nxd5 Qxd5 14. O-O-O Qxd2+ 15. Rxd2 O-O 16. Bf3 Rad8 17. Rhd1 Rxd2 18. Rxd2 Rd8 19. Rxd8+ Nxd8 20. Nd4 Bd7 21. Kd2 Kf8 22. Kd3 Ke8 23. Bc7 Nc6 24. c3 Nxd4 25. cxd4 Bf5+ 26. Kc3 Kd7 27. Be5 f6 28. Bg3 b6 29. Bb7 a5 30. Kc4 Bd8 31. d5 Be4 32. Bc6+ Kc8 33. Kb5 Bd3+ 34. Ka4 Be4 35. Kb5 Bd3+ 36. Ka4 Be4 37. Ba8 Kd7 38. Bc6+ 1/2-1/2

[Event "26th Abu Dhabi Master 2019"]
[Site "Abu Dhabi"]
[Date "2019.08.07"]
[Round "6.25"]
[White "Rakesh Kumar Jena"]
[Black "Sengupta, Deep"]
[Result "0-1"]
[ECO "A68"]
[WhiteElo "2395"]
[BlackElo "2558"]
[Annotator "ChessBase"]
[PlyCount "58"]
[EventDate "2019.08.02"]
[EventType "swiss"]
[EventCountry "UAE"]
[SourceTitle "playchess.com"]
[Source "ChessBase"]
[SourceQuality "1"]
[TimeControl "5400+30"]

1. d4 c5 2. d5 g6 3. e4 Bg7 4. f4 d6 5. Nf3 e6 6. c4 exd5 7. cxd5 Nf6 8. Nc3 O-O 9. Bd3 b5 10. e5 dxe5 11. fxe5 Ng4 12. Bxb5 Nxe5 13. O-O Bg4 14. Be2 Bxf3 15. Bxf3 Nbd7 16. Be2 Rb8 17. Qc2 f5 18. a4 Rb4 19. Na2 Rd4 20. Be3 Re4 21. Bf2 Qg5 22. Rae1 Ng4 23. h4 Qd8 24. Bxg4 Rxg4 25. d6 Qa8 26. Qb3+ c4 27. Qh3 Ne5 28. Bg3 Qd5 29. Rd1 Nd3 0-1

[Event "26th Abu Dhabi Master 2019"]
[Site "Abu Dhabi"]
[Date "2019.08.07"]
[Round "6.26"]
[White "Bajarani, Ulvi"]
[Black "Senthil Maran K"]
[Result "1-0"]
[ECO "D43"]
[WhiteElo "2485"]
[BlackElo "2222"]
[Annotator "ChessBase"]
[PlyCount "73"]
[EventDate "2019.08.02"]
[EventType "swiss"]
[EventCountry "UAE"]
[SourceTitle "playchess.com"]
[Source "ChessBase"]
[SourceQuality "1"]
[TimeControl "5400+30"]

1. d4 Nf6 2. c4 c6 3. Nc3 d5 4. Nf3 e6 5. Bg5 h6 6. Bxf6 Qxf6 7. e3 Nd7 8. a3 g6 9. cxd5 exd5 10. b4 a6 11. Bd3 Bg7 12. O-O O-O 13. a4 g5 14. b5 a5 15. bxc6 bxc6 16. Rb1 g4 17. Nd2 Qg5 18. Qc2 c5 19. Nxd5 cxd4 20. Nc7 Rb8 21. Ne4 Qe5 22. exd4 Qxd4 23. Nb5 Qe5 24. Rfe1 Ba6 25. Qd1 Rbd8 26. Qxg4 f5 27. Qg6 fxe4 28. Bxe4 Nf6 29. Bf5 Qc5 30. Rec1 Qd5 31. Nc7 Qd6 32. Nxa6 Nd5 33. Qh7+ Kf7 34. Nc5 Rh8 35. Be6+ Kf8 36. Qf5+ Nf6 37. h3 1-0

[Event "26th Abu Dhabi Master 2019"]
[Site "Abu Dhabi"]
[Date "2019.08.07"]
[Round "6.27"]
[White "Viani Antonio Dcunha"]
[Black "Kiriakov, Petr"]
[Result "1/2-1/2"]
[ECO "C00"]
[WhiteElo "2371"]
[BlackElo "2516"]
[Annotator "ChessBase"]
[PlyCount "62"]
[EventDate "2019.08.02"]
[EventType "swiss"]
[EventCountry "UAE"]
[SourceTitle "playchess.com"]
[Source "ChessBase"]
[SourceQuality "1"]
[TimeControl "5400+30"]

1. e4 e6 2. d3 d5 3. Nd2 Nf6 4. Ngf3 Be7 5. g3 O-O 6. Bg2 b5 7. O-O b4 8. e5 Nfd7 9. Re1 c5 10. h4 a5 11. Nf1 Nc6 12. N1h2 Ba6 13. h5 a4 14. a3 bxa3 15. bxa3 c4 16. d4 c3 17. Ng4 Na5 18. Bf4 Nc4 19. Qc1 Rb8 20. Bf1 Rb6 21. h6 g6 22. Kg2 Nb2 23. Bxa6 Rxa6 24. Bg5 Nc4 25. Qf4 Rb6 26. Ne3 Bxg5 27. Nxg5 Nd2 28. Nf1 Nc4 29. Ne3 Nd2 30. Nf1 Nc4 31. Ne3 Nd2 1/2-1/2

[Event "26th Abu Dhabi Master 2019"]
[Site "Abu Dhabi"]
[Date "2019.08.07"]
[Round "6.28"]
[White "Arjun Kalyan"]
[Black "Aronyak Ghosh"]
[Result "0-1"]
[ECO "B04"]
[WhiteElo "2482"]
[BlackElo "2349"]
[Annotator "ChessBase"]
[PlyCount "112"]
[EventDate "2019.08.02"]
[EventType "swiss"]
[EventCountry "UAE"]
[SourceTitle "playchess.com"]
[Source "ChessBase"]
[SourceQuality "1"]
[TimeControl "5400+30"]

1. e4 Nf6 2. e5 Nd5 3. d4 d6 4. Nf3 dxe5 5. Nxe5 c6 6. Be2 Bf5 7. O-O Nd7 8. c4 Nb4 9. Ng4 e5 10. Na3 exd4 11. Qxd4 h5 12. Nh6 Rxh6 13. Bxh6 gxh6 14. Rfe1 Qf6 15. Bg4+ Be6 16. Qxf6 Nxf6 17. Bxe6 fxe6 18. Rxe6+ Kf7 19. Re2 Rd8 20. f3 Bc5+ 21. Kf1 h4 22. Nc2 Nxc2 23. Rxc2 h3 24. gxh3 Rd3 25. Re1 Rxf3+ 26. Kg2 Rf4 27. b3 a5 28. Rce2 Rd4 29. Rf1 b6 30. Rf5 Kg6 31. Rf3 Rd1 32. Rf1 Rxf1 33. Kxf1 Kf5 34. Kg2 Ne4 35. Kf3 Ng5+ 36. Kg3 Ne6 37. Rd2 Bd4 38. Rd1 Nf4 39. Kf3 c5 40. Re1 Be5 41. Rd1 Bd4 42. Re1 Ne6 43. h4 Bf6 44. Rg1 Nd4+ 45. Ke3 Bxh4 46. Rg8 Bg5+ 47. Kf2 Bf4 48. Rf8+ Ke4 49. Rf6 Bxh2 50. Rxb6 Bf4 51. Ra6 Bd2 52. Ra8 Kd3 53. Rc8 Bb4 54. Rh8 Kc2 55. Rxh6 Kb2 56. Ke3 Nf5+ 0-1

[Event "26th Abu Dhabi Master 2019"]
[Site "Abu Dhabi"]
[Date "2019.08.07"]
[Round "6.29"]
[White "Venkatesh, M.R."]
[Black "Mahalakshmi, M."]
[Result "0-1"]
[ECO "B15"]
[WhiteElo "2480"]
[BlackElo "2173"]
[Annotator "ChessBase"]
[PlyCount "62"]
[EventDate "2019.08.02"]
[EventType "swiss"]
[EventCountry "UAE"]
[SourceTitle "playchess.com"]
[Source "ChessBase"]
[SourceQuality "1"]
[TimeControl "5400+30"]

1. e4 c6 2. d4 d5 3. Nd2 dxe4 4. Nxe4 Nf6 5. Nxf6+ exf6 6. c3 Bd6 7. Bd3 O-O 8. Ne2 Re8 9. Qc2 h5 10. O-O h4 11. h3 Nd7 12. Kh1 Nf8 13. Ng1 Bc7 14. f4 Ne6 15. Bc4 b5 16. Bb3 Qd6 17. Qf2 g5 18. Qc2 Ng7 19. Nf3 Bf5 20. Qf2 Nh5 21. Nxh4 gxh4 22. Qxh4 Ng7 23. Rf3 Bg6 24. Rg3 Re1+ 25. Kh2 Rxc1 26. Bxf7+ Kxf7 27. Qh6 Rxa1 28. Qxg6+ Ke6 29. Qe4+ Kd7 30. Rxg7+ Kc8 31. Qf5+ Kb8 0-1

[Event "26th Abu Dhabi Master 2019"]
[Site "Abu Dhabi"]
[Date "2019.08.07"]
[Round "6.30"]
[White "Vignesh N R"]
[Black "Ilyasli, Ughur"]
[Result "1-0"]
[ECO "D76"]
[WhiteElo "2466"]
[BlackElo "2104"]
[Annotator "ChessBase"]
[PlyCount "61"]
[EventDate "2019.08.02"]
[EventType "swiss"]
[EventCountry "UAE"]
[SourceTitle "playchess.com"]
[Source "ChessBase"]
[SourceQuality "1"]
[TimeControl "5400+30"]

1. d4 Nf6 2. Nf3 g6 3. g3 d5 4. c4 Bg7 5. cxd5 Nxd5 6. Bg2 O-O 7. O-O Nb6 8. Nc3 Nc6 9. e3 a5 10. Qe2 Be6 11. Nd2 a4 12. Rd1 f5 13. Ndb1 Bc4 14. Qe1 Bf7 15. Na3 Qc8 16. d5 Nb4 17. e4 fxe4 18. Qxe4 Bxc3 19. bxc3 N4xd5 20. c4 Nf6 21. Qxe7 Qe6 22. Qxc7 Rac8 23. Qxb7 Nxc4 24. Nxc4 Rxc4 25. Bh6 Re8 26. Qb2 Qf5 27. Rd6 Qh5 28. Rxf6 Qxh6 29. Rxf7 Rec8 30. Bd5 Rc1+ 31. Kg2 1-0

[Event "26th Abu Dhabi Master 2019"]
[Site "Abu Dhabi"]
[Date "2019.08.07"]
[Round "6.31"]
[White "Vantika Agrawal"]
[Black "Shyaamnikhil P"]
[Result "0-1"]
[ECO "A40"]
[WhiteElo "2243"]
[BlackElo "2456"]
[Annotator "ChessBase"]
[PlyCount "144"]
[EventDate "2019.08.02"]
[EventType "swiss"]
[EventCountry "UAE"]
[SourceTitle "playchess.com"]
[Source "ChessBase"]
[SourceQuality "1"]
[TimeControl "5400+30"]

1. d4 g6 2. Nf3 Bg7 3. c4 c5 4. d5 Nf6 5. Nc3 O-O 6. g3 a6 7. a4 e6 8. Bg2 exd5 9. cxd5 d6 10. O-O Re8 11. Re1 Nbd7 12. Bf4 Qc7 13. h3 Rb8 14. e4 Nh5 15. Bd2 b5 16. axb5 axb5 17. Bf1 c4 18. g4 Nhf6 19. b4 cxb3 20. Qxb3 Nxe4 21. Rac1 Nef6 22. Rxe8+ Nxe8 23. Nxb5 Qd8 24. Bg5 Qa5 25. Qe3 Bb7 26. Qe7 Ndf6 27. Nxd6 Bxd5 28. Nc4 Qa8 29. Nfd2 h5 30. gxh5 Nxh5 31. Re1 Bf6 32. Bxf6 Nexf6 33. Qd6 Rd8 34. Qc7 Rc8 35. Qd6 Qb8 36. Qxb8 Rxb8 37. Ne3 Be6 38. Nf3 Kg7 39. Ng5 Nf4 40. Rd1 Rh8 41. Kh2 Rh5 42. Nxe6+ Nxe6 43. Be2 Rh8 44. Bg4 Nxg4+ 45. Nxg4 Nf4 46. Kg3 g5 47. Rh1 f5 48. Ne3 Kg6 49. Ng2 Nh5+ 50. Kf3 Ra8 51. Rb1 Ra3+ 52. Ke2 Rxh3 53. Rb6+ Nf6 54. Ne3 Rh7 55. Kf3 Rd7 56. Ke2 Re7 57. Kd3 Re5 58. Ra6 g4 59. Nc4 Rd5+ 60. Ke2 f4 61. Nd2 Kf5 62. Ra4 Nd7 63. Ra8 Re5+ 64. Kf1 Rc5 65. Rd8 f3 66. Kg1 Nf6 67. Kh2 Rc2 68. Rd3 Ne4 69. Nxe4 Kxe4 70. Re3+ Kf4 71. Kg1 Rc1+ 72. Kh2 g3+ 0-1

[Event "26th Abu Dhabi Master 2019"]
[Site "Abu Dhabi"]
[Date "2019.08.07"]
[Round "6.32"]
[White "Pranav Anand"]
[Black "Shevchenko, Kirill"]
[Result "0-1"]
[ECO "E20"]
[WhiteElo "2347"]
[BlackElo "2536"]
[Annotator "ChessBase"]
[PlyCount "104"]
[EventDate "2019.08.02"]
[EventType "swiss"]
[EventCountry "UAE"]
[SourceTitle "playchess.com"]
[Source "ChessBase"]
[SourceQuality "1"]
[TimeControl "5400+30"]

1. d4 Nf6 2. c4 e6 3. Nc3 Bb4 4. f3 c5 5. d5 d6 6. e4 O-O 7. Nge2 a6 8. Ng3 b5 9. Be3 Re8 10. Be2 exd5 11. cxd5 Nbd7 12. a3 Ba5 13. O-O c4 14. Nf5 Nb6 15. Ng3 Nbd7 16. Nf5 Bb6 17. Nd4 Nc5 18. Qd2 Nfd7 19. a4 b4 20. Nd1 Ne5 21. Nf2 a5 22. f4 Ned3 23. Bxd3 cxd3 24. Nc6 Qc7 25. Bxc5 Bxc5 26. Kh1 Bxf2 27. Rxf2 Rxe4 28. f5 Qb6 29. f6 Qe3 30. Rc1 gxf6 31. Nxa5 Qxd2 32. Rxd2 Rxa5 33. Rxc8+ Kg7 34. Kg1 Rxd5 35. a5 Rf5 36. h3 Re1+ 37. Kh2 Rd5 38. a6 Ra1 39. Rc4 Rxa6 40. Rxb4 f5 41. Rb3 Kf6 42. Rbxd3 Rxd3 43. Rxd3 Ke5 44. Re3+ Kf4 45. Re7 d5 46. Rxf7 d4 47. Rxh7 Rd6 48. Re7 d3 49. Re1 d2 50. Rd1 Ke3 51. Kg3 Rg6+ 52. Kh2 Ke2 0-1

[Event "26th Abu Dhabi Master 2019"]
[Site "Abu Dhabi"]
[Date "2019.08.07"]
[Round "6.33"]
[White "Nguyen, Anh Khoi"]
[Black "Raja Rithvik R"]
[Result "1-0"]
[ECO "D37"]
[WhiteElo "2516"]
[BlackElo "2357"]
[Annotator "ChessBase"]
[PlyCount "51"]
[EventDate "2019.08.02"]
[EventType "swiss"]
[EventCountry "UAE"]
[SourceTitle "playchess.com"]
[Source "ChessBase"]
[SourceQuality "1"]
[TimeControl "5400+30"]

1. d4 Nf6 2. c4 e6 3. Nf3 d5 4. Nc3 Be7 5. cxd5 exd5 6. Qc2 c6 7. Bg5 g6 8. e3 Bf5 9. Bd3 Bxd3 10. Qxd3 O-O 11. Bxf6 Bxf6 12. h4 Nd7 13. h5 Re8 14. O-O-O a5 15. e4 dxe4 16. Nxe4 Nb6 17. hxg6 hxg6 18. Ne5 Kg7 19. Qe3 Kg8 20. Nxf6+ Qxf6 21. Ng4 Qg7 22. Qa3 Qf8 23. Nf6+ Kg7 24. Qf3 Qe7 25. Rh7+ Kf8 26. Rdh1 1-0